 Dungeon Crawl Stone Soup version 0.32-a0-799-g95e1662365 (webtiles) character file.

Game seed: 12934809977060355702

160 croobank the Grave Robber (level 4, -1/54 HPs)
             Began as a Demigod Necromancer on Mar 21, 2024.
             Slain by a lemure (6 damage)
             ... led by Pikel
             ... on level 3 of the Dungeon.
             The game lasted 00:12:57 (3883 turns).

croobank the Grave Robber (Demigod Necromancer)     Turns: 3883, Time: 00:12:58

Health: -1/54      AC:  4    Str:  9    XL:     4   Next: 96%
Magic:  10/10      EV: 11    Int: 21    God:
Gold:   210        SH:  0    Dex: 14    Spells: 2/7 levels left

rFire   . . .        q - +0 mace "Puucif" {spect, rPois SInv}
rCold   . . .        (no shield)
rNeg    . . .        a - +0 robe
rPois   +            (no helmet)
rElec   .            (no cloak)
rCorr   .            (no gloves)
SInv    +            (no boots)
Will    .....        (no amulet) Stlth
                     (no ring)
HPRegen 0.29/turn    (no ring)
MPRegen 0.12/turn

%: no passive effects
@: berserking, very quick
A: high MP 1, forlorn, divine attributes, iridescent scales 1, sturdy frame 1
a: no special abilities


You were on level 3 of the Dungeon.
You visited 1 branch of the dungeon, and saw 4 of its levels.

You collected 210 gold pieces.

Inventory:

Hand Weapons
 h - a +0 hand axe
 k - a +0 dagger
 n - a +0 long sword
 q - the +0 mace "Puucif" (weapon) {spect, rPois SInv}
   (You found it on level 3 of the Dungeon)

   rPois:     It protects you from poison.
   SInv:      It lets you see invisible.
Missiles
 e - 2 atropa-tipped darts
 g - 5 curare-tipped darts
 o - 3 boomerangs
 p - 18 poisoned darts
Armour
 a - a +0 robe (worn)
 b - a +0 leather armour
 d - a +0 ring mail
 m - a +0 buckler
Scrolls
 j - a scroll of teleportation {unknown}
 r - a scroll of blinking {unknown}
 t - 2 scrolls of identify {unknown}
Potions
 i - a potion of magic


   Skills:
 + Level 1.9 Fighting
 + Level 0.0 Maces & Flails
 + Level 2.6 Dodging
 + Level 2.7 Stealth
 + Level 2.4 Spellcasting
 + Level 4.2 Necromancy


You had 2 spell levels left.
You knew the following spells:

 Your Spells              Type           Power      Damage    Failure   Level
a - Necrotise             Necr           80%        1d8       2%          1
A - Animate Dead          Necr           20%        N/A       26%         4

Your spell library contained the following spells:

 Spells                   Type           Power      Damage    Failure   Level
 Vampiric Draining        Necr           20%        2d7       8%          3
 Curse of Agony           Necr           20%        N/A       56%         5


Dungeon Overview and Level Annotations

Branches:
Dungeon (4/15)
 Temple: D:4-7

Shops:
D:1 (

Annotations:
D:2 1 runed translucent door, Crazy Yiuf
D:4 Grinder, Pikel


Innate Abilities, Weirdness & Mutations

You have an increased reservoir of magic. (+10% MP)
You shall have no god before yourself.
Your divine heritage dramatically boosts your attributes as you level up.
You are partially covered in iridescent scales. (AC +2)
Your movements are slightly less encumbered by armour. (ER -2)


Message History

There is a stone staircase leading down here.
You climb downwards.
Level annotation: Grinder, Pikel The lemure shouts!
The lemure hits you.
There is a stone staircase leading up, spattered with blood here.
The lemure closely misses you.
You climb upwards.
There is a stone staircase leading down here.
You hit the lemure.
The lemure is lightly wounded.
Your +0 mace "Puucif" {spect, rPois SInv} barely misses the lemure.
The lemure barely misses you.
You hit the lemure.
The lemure is lightly wounded.
Your +0 mace "Puucif" {spect, rPois SInv} misses the lemure.
The lemure hits you but does no damage. The lemure hits you.
You closely miss the lemure.
The lemure is lightly wounded.
Your +0 mace "Puucif" {spect, rPois SInv} hits the lemure.
The lemure hits you.
Casting: Animate Dead (extremely dangerous; 26% risk of failure)
Confirm with . or Enter, or press ? or * to list all spells.
You can't see any susceptible monsters within range! (Use Z to cast anyway.)
You barely miss the lemure.
The lemure is moderately wounded.
Your +0 mace "Puucif" {spect, rPois SInv} hits the lemure.
The lemure hits you! The lemure hits you.
* * * LOW HITPOINT WARNING * * *
You closely miss the lemure.
The lemure is moderately wounded.
Your +0 mace "Puucif" {spect, rPois SInv} hits the lemure.
The lemure hits you!
* * * LOW HITPOINT WARNING * * *
It was a potion of berserk rage.
A red film seems to cover your vision as you go berserk!
You feel yourself moving faster!
You feel mighty!
Your +0 mace "Puucif" {spect, rPois SInv} disappears.
The lemure hits you.
You die...

.#.# #........# #.
.#.# ########.# #.
.#.################
#.# #.
.#................#
##.## #.
.<............###.#
###.#.####.
#############.# #>#
#..###..... #.# #.#
#.#.#.####. #.###5###
#.##.#####.
#.#.@...###.##.......
#.#.....#)..########.
#.......รท..))........
###.....#.###########
#.....#.# #######
###.###.# #.....#
#.###.## #.###.#
#......# #.# #.#
#####..####.###.#


You could see a lemure.

Vanquished Creatures
  A lemure (D:3)
  A bombardier beetle (D:3)
  2 adders
  A dart slug (D:3)
  2 ribbon worms
  6 orcs (D:3)
  7 ball pythons
  12 bats
  7 endoplasms
  11 giant cockroaches
  5 hobgoblins
  11 jackals (D:1)
  4 kobolds
  A quokka (D:3)
  2 frilled lizards (D:1)
  5 goblins
  6 rats
84 creatures vanquished.

Vanquished Creatures (collateral kills)
  A dart slug (D:3)
  A giant cockroach (D:2)
  A jackal (D:1)
  A bat (D:3)
  A rat (D:1)
5 creatures vanquished.

Grand Total: 89 creatures vanquished

Notes
Turn   | Place    | Note
-------+----------+-------------------------------------------
     0 | D:1      | croobank the Demigod Necromancer began the quest for the
                  | Orb.
     0 | D:1      | Reached XP level 1. HP: 14/14 MP: 5/5
    76 | D:1      | Found Oseo's Antique Weapon Shoppe.
   263 | D:1      | Reached XP level 2. HP: 20/20 MP: 5/7
   832 | D:1      | Reached XP level 3. HP: 27/27 MP: 6/8
  1462 | D:2      | Reached skill level 1 in Fighting
  1817 | D:2      | HP: 1/28 [ribbon worm (8)]
  1825 | D:2      | Reached skill level 4 in Necromancy
  2344 | D:2      | Reached XP level 4. HP: 35/35 MP: 8/10
  2469 | D:2      | Found a runed translucent door.
  2470 | D:2      | Noticed Crazy Yiuf
  3065 | D:3      | Learned a level 4 spell: Animate Dead
  3160 | D:3      | Identified the +0 mace "Puucif" {spect, rPois SInv}
  3706 | D:4      | Noticed Pikel
  3706 | D:4      | Noticed a lemure
  3706 | D:4      | Noticed a lemure
  3707 | D:4      | Noticed a lemure
  3714 | D:4      | Noticed a lemure
  3736 | D:4      | Gained mutation: You are partially covered in iridescent
                  | scales. (AC +2) [potion of mutation]
  3736 | D:4      | Gained mutation: Your movements are slightly less
                  | encumbered by armour. (ER -2) [potion of mutation]
  3830 | D:3      | Killed a lemure
  3838 | D:4      | Noticed Grinder
  3883 | D:3      | Slain by a lemure

Illustrated notes

Levels and vault maps discovered:
D:1:      nzn_arrival_settlement, layout_loops_ring, serial_shops,
          nicolae_shop_behind_doors
D:2:      minmay_roachtagon, layout_loops_corners, nicolae_ecumenical_oubliette,
          uniq_crazy_yiuf_cottage
D:3:      layout_loops_ring
D:4:      layout_basic, mainiacjoe_overflow_catwalk, temple_fountains,
          goddamned_bats, uniq_grinder, uniq_pikel

Skill      XL: |  1  2  3 |
---------------+----------+-----
Stealth        | 2 |  2.7
Dodging        | 2 |  2.6
Spellcasting   | 2 |  2.4
Fighting       | 1 |  1.9
Necromancy     | 4 |  4.2

Action                     |  1- 3 |  4- 6 || total
---------------------------+-------+-------++-------
  Melee: Unarmed           |    12 |       ||    12
         Hand axe          |    34 |       ||    34
         Dagger            |     5 |    16 ||    21
         Mace              |       |    56 ||    56
   Cast: Necrotise         |    86 |    37 ||   123
         Animate Dead      |       |     1 ||     1
    Use: Potion            |     4 |     6 ||    10
         Scroll            |       |     2 ||     2
   Stab: Sleeping          |     5 |     2 ||     7
         Invisible         |       |     3 ||     3
         Distracted        |       |     1 ||     1
 Armour: Robe              |    86 |    58 ||   144
  Dodge: Dodged            |    77 |    62 ||   139

Table legend: (Time is in decaauts)
 A = Elapsed time spent in this place.
 B = Non-inter-level travel time spent in this place.
 C = Inter-level travel time spent in this place.
 D = Time resting spent in this place.
 E = Time spent auto-exploring this place.
 F = Levels seen in this place.
 G = Mean time per level.
                   A        B        C        D        E       F      G
               +--------+--------+--------+--------+--------+-----+--------+
         Total |   3915 |   3791 |    124 |    449 |   2415 |   4 |  978.8 |
       Dungeon |   3915 |   3791 |    124 |    449 |   2415 |   4 |  978.8 |
               +--------+--------+--------+--------+--------+-----+--------+

Top non-repeatable levels by time:
     D:1: 1357 daAuts
     D:2: 1284 daAuts
     D:3: 1135 daAuts
     D:4: 138 daAuts
